AoeStats
← [SotC] Legend

Arabia

510330235Analyzed
1v1 RM · 1d ago on Sep 30, 2026· 23m 48s· 2 players
Game mode
Random Map
Map size
Tiny (2 player)
Population
200
Speed
Normal
Resources
Standard
Victory
Conquest
Starting age
Dark Age
Ending age
Imperial Age
RankedLock teamsTeams togetherTeam positionsShared explorationLock speedFull tech treeHidden civsTurbo modeCheats
Victory
Defeat
1714
+18
🇦🇷 Saxons · Argentina
1752
-18
别问,问就是爱过
6:53 Loom
9:00 Feudal Age
9:25 Man-at-Arms
12:37 Arson
14:05 Double-Bit Axe
15:30 Town Watch
16:25 Wheelbarrow
16:42 Fletching
22:13 Castle Age
21:35 Gold Mining
21:26 Horse Collar
22:37 Padded Archer Armor
22:53 Bodkin Arrow
23:12 Bow Saw
24:05 Husbandry
24:59 Gold Shaft Mining
[SotC] Legend
8:29 Loom
10:45 Feudal Age
11:44 Double-Bit Axe
17:56 Castle Age
18:04 Elite Skirmisher
20:08 Fletching
21:33 Bow Saw
Connection lost

Rejoining the realm…

Still unreachable

The connection could not be restored.

Session expired

The server has moved on; the page needs a fresh start.